 Dungeon Crawl Stone Soup version 0.23.0 (webtiles) character file.

Game seed: 11756416333574927849

70 Vesto the Grave Robber (level 4, 0/24 HPs)
             Began as a Deep Elf Necromancer on Feb 11, 2019.
             Slain by an orc wizard
             ... wielding a +0 dagger
              (2 damage)
             ... on level 6 of the Dungeon.
             The game lasted 00:03:00 (1160 turns).

Vesto the Grave Robber (Deep Elf Necromancer)       Turns: 1160, Time: 00:03:01

Health: 0/24       AC:  3    Str:  6    XL:     4   Next: 4%
Magic:  5/11       EV: 12    Int: 20    God:
Gold:   66         SH:  0    Dex: 15    Spells: 6/10 levels left

rFire    . . .     SeeInvis .   a - +0 dagger
rCold    . . .     Gourm    .   (no shield)
rNeg     . . .     Faith    .   b - +0 leather armour
rPois    .         Spirit   .   (no helmet)
rElec    .         Reflect  .   (no cloak)
rCorr    .         Harm     .   (no gloves)
MR       .....                  (no boots)
Stlth    ++........             (no amulet)
HPRegen  0.08/turn              (no ring)
MPRegen  0.12/turn              (no ring)

@: very slightly contaminated
A: no striking features
a: no special abilities


You were on level 6 of the Dungeon.
You were hungry.

You visited 1 branch of the dungeon, and saw 6 of its levels.

You collected 66 gold pieces.

Inventory:

Hand Weapons
 a - a +0 dagger (weapon)
Armour
 b - a +0 leather armour (worn)
 e - a +0 robe
Scrolls
 f - a scroll of magic mapping
 g - a scroll of fear {unknown}
Comestibles
 c - 3 rations
 d - 2 chunks of flesh


   Skills:
 + Level 0.9 Fighting
 + Level 1.0 Throwing
 + Level 0.9 Armour
 + Level 3.0 Dodging
 + Level 3.1 Stealth
 + Level 3.6 Spellcasting
 + Level 5.1 Necromancy


You had 6 spell levels left.
You knew the following spells:

 Your Spells              Type           Power        Failure   Level  Hunger
a - Pain                  Necr           ###.         2%          1    None
c - Vampiric Draining     Necr           ###.......   8%          3    ###....

Your spell library contained the following spells:

 Spells                   Type           Power        Failure   Level  Hunger
 Animate Skeleton         Necr           N/A          2%          1    None
 Regeneration             Chrm/Necr      ##........   22%         3    ###....
 Animate Dead             Necr           N/A          26%         4    ####...


Dungeon Overview and Level Annotations

Branches:
Dungeon (6/15)
 Temple: D:4-7

Altars:
Trog
Xom

Shops:
D:4 [


Message History

Something hits you.
You bump into the rock wall.
You hear some strange, mumbled words.
Something tries to affect you, but you resist.
You miss something. Something hits you but does no damage.
You bump into the stone wall.
You feel less confused. Something hits you.
* * * LOW HITPOINT WARNING * * *
You miss something. Something hits you but does no damage.
You barely miss something. Something hits you.
* * * LOW HITPOINT WARNING * * *
The leopard gecko hisses menacingly.
You closely miss something. Something hits you but does no damage.
You closely miss something. Something hits you.
* * * LOW HITPOINT WARNING * * *
You miss something. Something hits you.
* * * LOW HITPOINT WARNING * * *
You barely miss something. Something hits you.
You die...

#!#####.#..#
#####l#..#
#...#o# l#
#.....# ..
#oo.### ##
##l## #o#
#.# #@# ###


You could see 3 orcs and a leopard gecko.

Vanquished Creatures
  A worker ant (D:4)
  2 adders
  An ooze (D:3)
  2 worms
  A dart slug (D:1)
  A leopard gecko (D:1)
  2 giant cockroaches (D:2)
  A hobgoblin (D:2)
  2 bats
  A frilled lizard (D:3)
  A goblin (D:3)
  3 kobolds
  A rat (D:3)
19 creatures vanquished.

Notes
Turn   | Place    | Note
-------+----------+-------------------------------------------
     0 | D:1      | Vesto the Deep Elf Necromancer began the quest for the Orb.
     0 | D:1      | Reached XP level 1. HP: 10/10 MP: 6/6
    99 | D:2      | Reached XP level 2. HP: 5/15 MP: 1/8
   463 | D:2      | Reached skill level 5 in Necromancy
   621 | D:3      | Reached XP level 3. HP: 13/20 MP: 2/9
   626 | D:3      | Learned a level 3 spell: Vampiric Draining
   955 | D:4      | Reached skill level 1 in Throwing
  1032 | D:4      | Found a bloodstained altar of Trog.
  1032 | D:4      | Found a shimmering altar of Xom.
  1059 | D:4      | Found Rasanit's Antique Armour Shoppe.
  1121 | D:5      | Entered Level 5 of the Dungeon
  1121 | D:5      | Noticed an ogre
  1141 | D:6      | Reached XP level 4. HP: 12/24 MP: 3/11
  1160 | D:6      | Slain by an orc wizard

Skill      XL: |  1  2  3 |
---------------+----------+-----
Necromancy     | 5 |  5.1
Throwing       | 1 |  1.0
Dodging        | 3 |  3.0
Stealth        | 3 |  3.1
Fighting       | |  0.9
Armour         | |  0.9
Spellcasting   | |  3.6

Action                   |  1- 3 |  4- 6 || total
-------------------------+-------+-------++-------
Melee: Dagger            |       |     7 ||     7
 Cast: Pain              |    47 |     1 ||    48
       Vampiric Draining |     1 |       ||     1
  Use: Scroll            |     1 |       ||     1
Armor: Leather armour    |     6 |     3 ||     9
Dodge: Dodged            |    17 |       ||    17
